 Dungeon Crawl Stone Soup version 0.26.0-16-gc1dbca0489 (webtiles) character file.

Game seed: 9856810408309040468

1522 feorh the Cudgeller (level 8, -7/42 HPs)
             Began as a Vine Stalker Fighter on Jan 20, 2021.
             Mangled by an orc warrior
             ... wielding a +0 trident
              (13 damage)
             ... on level 6 of the Dungeon.
             The game lasted 00:18:26 (4902 turns).

feorh the Cudgeller (Vine Stalker Fighter)          Turns: 4902, Time: 00:18:26

Health: -7/42      AC: 13    Str: 21    XL:     8   Next: 84%
Magic:  0/9        EV:  6    Int:  8    God:
Gold:   299        SH: 10    Dex: 14    Spells: 7/7 levels left

rFire    + . .     SeeInvis .   E - +4 mace
rCold    . . .     Faith    .   c - +0 kite shield
rNeg     . . .     Spirit   +   z - +2 chain mail {rF+}
rPois    .         Reflect  .   h - +0 helmet
rElec    .         Harm     .   l - scarf {repulsion}
rCorr    .         Rampage  .   (no gloves)
Will     +....                  A - +0 pair of boots
Stlth    ..........             (no amulet)
HPRegen  0.54/turn              (no ring)
MPRegen  0.11/turn              (no ring)

@: slowed, repel missiles, very slow
A: fangs 3, regeneration 1, magic shield, antimagic bite, no potion heal 3
a: no special abilities


You were on level 6 of the Dungeon.
You visited 1 branch of the dungeon, and saw 6 of its levels.

You collected 299 gold pieces.

Inventory:

Hand Weapons
 a - a +0 flail
 D - a cursed -2 whip
 E - a +4 mace (weapon)
Missiles
 j - 145 stones (quivered)
Armour
 b - a +0 scale mail
 c - a +0 kite shield (worn)
 f - a +0 helmet
 g - a +0 tower shield
 h - a +0 helmet (worn)
 l - a scarf of repulsion (worn)
 o - a +0 cloak
 y - a +0 tower shield
 z - a +2 chain mail of fire resistance (worn)
 A - a +0 pair of boots (worn)
 C - a +0 pair of gloves
Jewellery
 r - a cursed ring of teleportation
 s - a cursed -4 ring of evasion {unknown}
Scrolls
 e - 5 scrolls of identify {unknown}
 i - 3 scrolls of fog {unknown}
 m - a scroll of fear {unknown}
 n - a scroll of teleportation {unknown}
 p - a scroll of enchant weapon {unknown}
 q - 7 scrolls of remove curse {unknown}
 t - a scroll of amnesia {unknown}
 v - 2 scrolls of blinking {unknown}
 x - a scroll of noise {unknown}
Potions
 d - a potion of might
 k - 2 potions of lignification {unknown}
 u - 2 potions of curing {unknown}
 w - 2 potions of brilliance {unknown}
 B - a potion of flight {unknown}


   Skills:
 + Level 4.0 Fighting
 * Level 7.7 Maces & Flails
 + Level 1.3 Throwing
 + Level 3.6 Armour
 + Level 1.4 Dodging
 + Level 4.6 Shields


You had 7 spell levels left.
You didn't know any spells.
Your spell library was empty.

Dungeon Overview and Level Annotations

Branches:
Dungeon (6/15)
 Temple: D:4-7

Altars:
Ashenzari
Cheibriados
Hepliaklqana
Kikubaaqudgha
Xom


Innate Abilities, Weirdness & Mutations

You have razor-sharp teeth.
Your natural rate of healing is unusually fast.
When hurt, damage is shared between your health and your magic reserves.
Your bite disrupts and absorbs the magic of your enemies.
Potions cannot restore your health.


Message History

The orc warrior is moderately wounded.
The orc warrior hits you but does no damage.
You block the orc warrior's attack.
You completely miss the orc warrior.
The orc warrior is moderately wounded.
The orc warrior hits you with a +0 trident!
You hit the orc warrior. Your bite misses the orc warrior.
The orc warrior is moderately wounded.
The orc warrior hits you with a +0 trident.
The orc warrior hits you with a +0 trident!
* * * LOW HITPOINT WARNING * * *
You closely miss the orc warrior.
The orc warrior is moderately wounded.
The orc warrior barely misses you.
Your shield prevents you from hitting the orc warrior.
Your bite misses the orc warrior.
The orc warrior is moderately wounded.
You block the orc warrior's attack.
The orc warrior hits you with a +0 trident!
You die...

......... ... ....
......... ... ....
........... ... .....
!...### ...# #.##.....
... #...#.....#...... ###
#..... #........ ....#
##...# #.)......
......####....###o.......
................@#.....#.
.................#.....#
.................##...##
..............!...#...#
..................##.##
............###....#.#
..............###.####
...............$###..
.................. ._.


You could see an orc warrior.

Vanquished Creatures
  3 ogres
  A centaur (D:5)
  A bullfrog (D:6)
  A scorpion (D:4)
  3 wights
  2 crimson imps (D:4)
  A jelly (D:3)
  2 hounds (D:5)
  4 orc priests
  2 bullfrog skeletons
  A centaur skeleton (D:4)
  2 iguanas (D:5)
  3 orc wizards
  9 worker ants
  10 adders
  A howler monkey skeleton (D:4)
  A white imp (D:5)
  An ooze (D:2)
  2 worms
  5 dart slugs
  7 leopard geckos
  19 orcs
  8 bats
  5 giant cockroaches
  9 hobgoblins
  7 jackals
  6 kobolds
  2 frilled lizards
  4 goblins
  2 jackal skeletons (D:4)
  A jackal zombie (D:5)
  A leopard gecko skeleton (D:4)
  A quokka skeleton (D:4)
  4 rats
131 creatures vanquished.

Vanquished Creatures (others)
  5 withered plants (D:5)
5 creatures vanquished.

Grand Total: 136 creatures vanquished

Notes
Turn   | Place    | Note
-------+----------+-------------------------------------------
     0 | D:1      | feorh the Vine Stalker Fighter began the quest for the Orb.
     0 | D:1      | Reached XP level 1. HP: 11/11 MP: 2/2
    86 | D:1      | Reached XP level 2. HP: 12/16 MP: 3/3
    93 | D:1      | Reached skill level 2 in Maces & Flails
   478 | D:1      | Reached XP level 3. HP: 19/19 MP: 4/4
  1290 | D:2      | Gained mutation: Your natural rate of healing is unusually
                  | fast. [Vine Stalker growth]
  1290 | D:2      | Reached XP level 4. HP: 11/23 MP: 3/5
  1475 | D:2      | Reached skill level 3 in Maces & Flails
  1967 | D:3      | Reached XP level 5. HP: 28/28 MP: 6/6
  2156 | D:4      | Noticed an ogre
  2224 | D:3      | Killed an ogre
  2225 | D:3      | Reached skill level 4 in Maces & Flails
  2225 | D:3      | Reached XP level 6. HP: 27/32 MP: 7/7
  2578 | D:4      | Found a hazy altar of Hepliaklqana.
  2599 | D:3      | Found a snail-covered altar of Cheibriados.
  2961 | D:5      | Entered Level 5 of the Dungeon
  3128 | D:4      | Reached skill level 1 in Throwing
  3147 | D:4      | Reached skill level 5 in Maces & Flails
  3147 | D:4      | Reached XP level 7. HP: 35/36 MP: 8/8
  3189 | D:4      | Reached skill level 1 in Dodging
  3289 | D:4      | Found a shimmering altar of Xom.
  3733 | D:5      | Reached skill level 6 in Maces & Flails
  3807 | D:5      | Gained mutation: You have razor-sharp teeth. [Vine Stalker
                  | growth]
  3807 | D:5      | Reached XP level 8. HP: 40/41 MP: 9/9
  3818 | D:5      | Found an ancient bone altar of Kikubaaqudgha.
  4761 | D:5      | Reached skill level 7 in Maces & Flails
  4878 | D:6      | Found a broken altar of Ashenzari.
  4902 | D:6      | Mangled by an orc warrior

Illustrated notes

Levels and vault maps discovered:
D:1:      amcnicky_arrival_feature_with_door, layout_basic,
          chequers_serial_rivers_room_b
D:2:      layout_loops_cross, serial_park_tiny_1
D:3:      layout_basic, kennysheep_slug_shrine, minmay_misc_feat_doors,
          st_stairs_7
D:4:      layout_basic, kennysheep_mini_moat, led_xom_imps
D:5:      layout_basic, kiku_gazebo_garden_becter, kennysheep_generic_room_11
D:6:      layout_cave_pools, gammafunk_temple_overflow_forgotten,
          minmay_temple_entry_hall, nicolae_ashenzari_panopticon

Skill      XL: |  1  2  3  4  5  6  7  8 |
---------------+-------------------------+-----
Maces & Flails | 2 3 4 5 6 7 |  7.7
Shields        | 3 4 |  4.6
Fighting       | 3 4 |  4.0
Armour         | 3 |  3.6
Throwing       | 1 |  1.3
Dodging        | 1 |  1.4

Action                   |  1- 3 |  4- 6 |  7- 9 || total
-------------------------+-------+-------+-------++-------
Melee: Flail             |   101 |   147 |   113 ||   361
       Bite              |    27 |    40 |    68 ||   135
       Mace              |       |       |    49 ||    49
       Morningstar       |       |       |    24 ||    24
Throw: Stone             |       |    35 |    17 ||    52
Armor: Scale mail        |    69 |    41 |       ||   110
       Chain mail        |       |     2 |    70 ||    72
Dodge: Dodged            |    32 |    36 |    45 ||   113
       Repelled          |     2 |       |       ||     2
Block: Kite shield       |    63 |    67 |    73 ||   203
